 Dungeon Crawl Stone Soup version 0.19-a0-1071-g4ed3155 (webtiles) character file.

63117 4thArraOfDagon the Brawler (level 14, -17/137 HPs)
             Began as a Troll Arcane Marksman on Aug 5, 2016.
             Was a High Priest of Cheibriados.
             Demolished by a very large slime creature (39 damage)
             ... on level 6 of the Lair of Beasts.
             The game lasted 00:53:19 (10316 turns).

4thArraOfDagon the Brawler (Troll Arcane Marksman) Turns: 10316, Time: 00:53:19

Health: -17/137    AC:  5    Str: 36    XL:     14   Next: 66%
Magic:  26/26      EV: 17    Int: 28    God:    Cheibriados [*****.]
Gold:   1374       SH:  0    Dex: 19    Spells: 3 memorised, 15 levels left

rFire  . . .     SeeInvis .       - Unarmed
rCold  + . .     Gourm    +     R - +1 robe of Tender Moments {rPois Str+4}
rNeg   . . .     Faith    .     N - +1 large shield
rPois  +         Spirit   .     q - +2 hat {Int+3}
rElec  .         Dismiss  .     V - +0 cloak {rPois}
rCorr  .         Reflect  .     (gloves unavailable)
SustAt .         Harm     +     (boots unavailable)
MR     +....                    Y - amulet of harm
Stlth  +.........               Z - ring of wizardry
                                J - ring of magical power

@: confused, corroded, very slow
A: unfitting armour, claws 3, repulsion field 2, clumsy 1, cold resistance 1,
deterioration 1, fast metabolism 3, gourmand, low mp 1, regeneration 2, shaggy
fur 1, tough skin 2, weak 1
a: Bend Time, Temporal Distortion, Slouch, Step From Time, Renounce Religion


You were on level 6 of the Lair of Beasts.
You worshipped Cheibriados.
Cheibriados was extremely pleased with you.
You were not hungry.

You visited 4 branches of the dungeon, and saw 24 of its levels.
You also visited: Labyrinth.

You collected 2215 gold pieces.
You spent 841 gold pieces at shops.

Inventory:

Hand Weapons
 x - a +0 blowgun
 D - a +0 giant spiked club
Missiles
 c - 21 large rocks (quivered)
 d - 2 throwing nets
 w - 15 curare-tipped needles
Armour
 k - the +2 robe of Fun {Int+4}
   (You bought it in a shop on level 7 of the Dungeon)

   It affects your intelligence (+4).
 q - a +2 hat of intelligence (worn)
 v - a troll hide
 N - a +1 large shield (worn)
 R - the +1 robe of Tender Moments (worn) {rPois Str+4}
   (You bought it in a shop on level 7 of the Dungeon)

   It affects your strength (+4).
   It protects you from poison.
 V - a +0 cloak of poison resistance (worn)
Jewellery
 C - an uncursed ring of protection from fire
 J - a ring of magical power (left claw)
 P - an uncursed ring of sustain attributes
 Y - an amulet of harm (around neck)
 Z - a ring of wizardry (right claw)
Wands
 i - a wand of random effects (22/48)
 l - a wand of confusion (33/48)
 p - a wand of lightning (5/15)
 L - a wand of slowing (30/48)
 Q - a wand of teleportation (5/9)
 S - a wand of disintegration (12/24)
Scrolls
 e - a scroll of fog
 y - a scroll of noise
 z - 10 scrolls of immolation
 E - a scroll of remove curse
 I - a scroll of vulnerability
 K - a scroll of enchant armour
 M - a scroll of fear
 O - a scroll of amnesia
Potions
 a - 2 potions of beneficial mutation
 g - a potion of cancellation
 s - a potion of cure mutation
 t - 2 potions of brilliance
 A - a potion of lignification
 B - a potion of heal wounds
 F - 2 potions of agility
 G - a potion of resistance
 T - a potion of degeneration
 U - a potion of ambrosia
 X - 2 potions of haste {unknown}
Books
 b - a book of Debilitation

   Spells                             Type                      Level
   a - Corona                         Hexes                        1
   b - Slow                           Hexes                        2
   c - Gell's Gravitas                Hexes/Translocation          3
   d - Inner Flame                    Hexes/Fire                   3
   e - Cause Fear                     Hexes                        4
   f - Leda's Liquefaction            Hexes/Earth                  4
 H - an Akashic Record

   Spells                             Type                      Level
   a - Dispersal                      Translocation                6
   b - Malign Gateway                 Summoning/Translocation      7
   c - Disjunction                    Translocation                8
   d - Controlled Blink               Translocation                8
Miscellaneous
 o - a lamp of fire
Comestibles
 f - 11 bread rations
 h - 13 meat rations
 r - 3 beef jerkies


   Skills:
 - Level 8.3 Fighting
 - Level 1.7 Throwing
 - Level 8.1 Dodging
 * Level 8.9 Shields
 - Level 15.3 Unarmed Combat
 * Level 4.3 Spellcasting
 - Level 2.0 Hexes
 - Level 9.4 Invocations


You had 15 spell levels left.
You knew the following spells:

 Your Spells              Type           Power        Failure   Level  Hunger
a - Corona                Hex            ###....      4%          1    None
b - Regeneration          Chrm/Necr      #.........   45%         3    ##.....
c - Blink                 Tloc           N/A          16%         2    None


Dungeon Overview and Level Annotations

Branches:
Dungeon (15/15)              Lair (6/6) D:11          Slime (1/5) Lair:6
    Orc (2/2) D:9             Elf (0/3) Orc:2
 Temple: D:4-7        Swamp: Lair:2-4    Shoals: Lair:2-4     Snake: Lair:2-4
 Spider: Lair:2-4    Vaults: D:13-14     Depths: D:15

Altars:
Cheibriados
Fedhas
Gozag
Okawaru
Pakellas
Qazlal
Vehumet
Xom
Zin
Jiyva

Shops:
D:6 *   D:7 (*[   D:13 *   Orc:1 [   Orc:2 =((*}

Annotations:
Lair:4 SPIDEr


Innate Abilities, Weirdness & Mutations

You are too large for most types of armour.
You have claws for hands.
Your metabolism is lightning-fast.
You like to eat raw meat.
You heal very quickly.
You are covered in fur. (AC +1)
You have very tough skin. (AC +2)
You are surrounded by a moderate repulsion field. (EV +3)
You are clumsy. (Dex -2)
Your flesh is cold resistant. (rC+)
Your body sometimes deteriorates upon taking damage.
Your magical capacity is low. (-10% MP)
You are weak. (Str -2)


Message History

Unknown command.
Unknown command.
Unknown command.
Unknown command.
Unknown command.
Unknown command.
Unknown command.
Okay, then.
You're too confused!
Unknown command.
You're too confused!
You're too confused!
You're too confused!
You're too confused!
You feel much better. The large slime creature hits you.
* * * LOW HITPOINT WARNING * * *
The large slime creature misses you.
The slime creature completely misses you.
The very large slime creature hits you!!
You die...

#........ ##......#
#PP.#P.### .
#P..#....#....
#...#........
#....######..P
##..###### #.. #.# ..#.
###..##JJJ# #.##..#
#.#.# #P...##J@J#
#..##.##...#
##...##GJJ#
#..##......#.
#...####.###..#P......
. ##...###'##..P#..[P#
. #..#..............# .
####.(....../.....####.
#.####..##.....##.#.
#.# ##.#.###....... ###
.### #...†.<.


You could see a very large slime creature, 3 large slime creatures, 3 slime
creatures and a golden eye.

Vanquished Creatures
  Gastronok (Lair:1)
  A fire giant (D:11)
  A frost giant (D:11)
  An orc warlord (Orc:1)
  A stone giant (Orc:2)
  An ettin (Orc:1)
  Snorg (Orc:1)
  A minotaur (Lab)
  A hydra (D:15)
  A death knight (D:14)
  A centaur warrior (D:13)
  4 ogre magi
  The ghost of 4thArraOfDagon the Grappler, a novice TrAM of Ru (D:11)
  3 death yaks (Lair:5)
  A tengu warrior (D:13)
  Urug (D:11)
  Nergalle (Lair:1)
  Sonja (D:10)
  The ghost of 4thArraOfDagon the Grappler, a novice TrAM of Sif Muna (D:8)
  2 skeletal warriors
  3 unseen horrors
  2 flayed ghosts
  2 deep trolls (Orc:2)
  9 hill giants
  2 ugly things
  A deep elf mage (D:13)
  A wolf spider (D:13)
  A wolf spider zombie (D:15)
  2 orc knights (Orc:1)
  A shining eye (shapeshifter) (D:13)
  4 cyclopes
  2 spiny frogs
  2 gargoyles
  A freezing wraith (D:14)
  A komodo dragon (D:11)
  A tengu conjurer (D:13)
  A merfolk (D:9)
  13 trolls
  11 two-headed ogres
  A boulder beetle (Lair:1)
  2 slime creatures (D:13)
  A spriggan (shapeshifter) (D:15)
  2 wraiths
  2 shadows
  31 yaks
  2 wyverns
  3 vampires
  10 hippogriffs
  2 hungry ghosts
  A steam dragon (D:10)
  2 mottled dragons
  A warg (Orc:1)
  6 water moccasins
  4 porcupines
  26 orc warriors
  A black bear (shapeshifter) (D:13)
  7 ice beasts
  5 necrophages
  2 black bears
  4 sky beasts
  2 eyes of draining (D:13)
  36 ogres
  3 phantoms
  2 wasps
  2 centaurs
  4 crocodiles
  12 giant frogs
  5 big kobolds
  3 wyvern zombies
  4 scorpions
  5 killer bees (D:7)
  4 wights (D:10)
  8 howler monkeys
  2 electric eels
  5 crimson imps
  3 giant frog zombies
  11 orc priests
  6 hounds
  3 quasits
  5 centaur zombies
  3 centaur skeletons
  A jelly (D:11)
  20 orc wizards
  Jessica (D:2)
  4 iguanas
  Natasha (D:4)
  11 worker ants
  A killer bee zombie (D:9)
  5 sheep (Lair:2)
  A hound zombie (D:9)
  A hound skeleton (D:5)
  A mummy (D:7)
  2 worker ant zombies
  A howler monkey skeleton (D:7)
  4 gnolls (D:3)
  A howler monkey zombie (D:10)
  8 adders
  20 river rats
  4 shadow imps
  3 adder skeletons
  A worm (D:2)
  3 giant geckos
  68 orcs
  9 bats
  4 goblins
  A hobgoblin (D:3)
  A jackal (D:11)
  29 kobolds
  3 quokkas
  2 giant gecko skeletons (D:4)
  5 giant newts
  4 jackal skeletons
  7 rats
556 creatures vanquished.

Vanquished Creatures (others)
  A golden eye (Slime:1)
  A hobgoblin (D:2)
  4 bushes (D:10)
  24 plants
30 creatures vanquished.

Grand Total: 586 creatures vanquished

Notes
Turn   | Place    | Note
-------+----------+-------------------------------------------
     0 | D:1      | 4thArraOfDagon the Troll Arcane Marksman began the quest for the Orb.
     0 | D:1      | Reached XP level 1. HP: 18/18 MP: 1/1
    51 | D:1      | Reached skill level 1 in Unarmed Combat
   115 | D:3      | Found a stormy altar of Qazlal.
   130 | D:4      | Noticed a worker ant
   134 | D:4      | Noticed Natasha
   137 | D:4      | Noticed an orc wizard
   138 | D:4      | Killed a worker ant
   138 | D:4      | Reached skill level 2 in Unarmed Combat
   138 | D:4      | Reached XP level 2. HP: 15/26 MP: 2/2
   138 | D:4      | Reached XP level 3. HP: 19/32 MP: 3/3
   158 | D:3      | Found an oddly glowing altar of Pakellas.
   183 | D:2      | Found a radiant altar of Vehumet.
   316 | D:3      | Reached skill level 3 in Unarmed Combat
   332 | D:3      | Reached XP level 4. HP: 36/40 MP: 4/4
   367 | D:4      | Reached skill level 4 in Unarmed Combat
   419 | D:4      | Noticed a giant frog
   433 | D:4      | Killed a giant frog
   433 | D:4      | Reached skill level 5 in Unarmed Combat
   433 | D:4      | Reached XP level 5. HP: 25/46 MP: 5/5
   459 | D:5      | Entered Level 5 of the Dungeon
   603 | D:7      | Found Ubill's General Store.
   604 | D:7      | Noticed a wasp
   607 | D:7      | Killed a wasp
   607 | D:7      | Reached skill level 6 in Unarmed Combat
   607 | D:7      | Reached XP level 6. HP: 54/54 MP: 6/6
   691 | D:7      | Reached skill level 7 in Unarmed Combat
   748 | D:7      | Noticed a water moccasin
   750 | D:7      | Found a snail-covered altar of Cheibriados.
   758 | D:7      | Became a worshipper of Cheibriados the Contemplative
   948 | D:7      | Reached skill level 1 in Fighting
   948 | D:7      | Reached XP level 7. HP: 53/59 MP: 7/7
  1002 | D:7      | Reached skill level 1 in Invocations
  1045 | D:6      | Found Luodofan's Luxury Loot.
  1186 | D:6      | ofc
  1223 | D:6      | Reached * piety under Cheibriados
  1256 | D:6      | Reached skill level 8 in Unarmed Combat
  1256 | D:6      | Reached XP level 8. HP: 56/69 MP: 8/8
  1285 | D:5      | Found a glowing silver altar of Zin.
  1384 | D:5      | Found an opulent altar of Gozag.
  1445 | D:5      | Found a shimmering altar of Xom.
  1529 | D:4      | Killed Natasha
  1588 | D:3      | Reached ** piety under Cheibriados
  1677 | D:2      | Found a faded altar of an unknown god.
  1679 | D:2      | Noticed Jessica
  1685 | D:2      | Killed Jessica
  1733 | D:2      | Found an iron altar of Okawaru.
  1932 | D:4      | Reached *** piety under Cheibriados
  2082 | D:7      | Found Hymuas's Antique Armour Boutique.
  2090 | D:7      | Bought a creamy pearl robe for 159 gold pieces
  2114 | D:8      | Identified the +2 robe of Fun {Int+4} (You bought it in a shop on level 7 of the Dungeon)
  2124 | D:8      | Reached skill level 9 in Unarmed Combat
  2137 | D:8      | Noticed 4thArraOfDagon's ghost (novice TrAM)
  2193 | D:9      | Reached XP level 9. HP: 66/79 MP: 10/10
  2220 | D:10     | Entered Level 10 of the Dungeon
  2241 | D:10     | Noticed Sonja
  2255 | D:10     | Killed Sonja
  2537 | D:10     | Reached skill level 10 in Unarmed Combat
  2560 | D:9      | Reached **** piety under Cheibriados
  2801 | D:10     | Reached XP level 10. HP: 94/94 MP: 12/12
  2928 | D:10     | Reached skill level 5 in Invocations
  2992 | D:11     | Reached skill level 5 in Dodging
  3081 | D:12     | Reached ***** piety under Cheibriados
  3090 | D:11     | Reached skill level 5 in Fighting
  3153 | D:11     | Found a staircase to the Lair.
  3166 | D:11     | Reached skill level 11 in Unarmed Combat
  3210 | D:11     | Found a glowing silver altar of Zin.
  3227 | D:11     | Noticed a gargoyle
  3235 | D:11     | Killed a gargoyle
  3270 | D:11     | Noticed a frost giant
  3270 | D:11     | Noticed a flayed ghost
  3271 | D:11     | Noticed a hill giant
  3272 | D:11     | Noticed a fire giant
  3343 | D:11     | Leszczynek: i'd have died 10 times out of 10 there
  3368 | D:11     | Noticed 4thArraOfDagon's ghost (novice TrAM)
  3397 | D:12     | Leszczynek: are you playing random combos or going specifically for high scores?
  3481 | D:12     | Noticed a hill giant
  3484 | D:12     | Killed a hill giant
  3569 | D:13     | Noticed a deep elf mage
  3570 | D:13     | Noticed a cyclops
  3590 | D:13     | Killed a deep elf mage
  3590 | D:13     | Reached XP level 11. HP: 90/105 MP: 14/14
  3654 | D:13     | Noticed a centaur warrior
  3662 | D:13     | Killed a centaur warrior
  3662 | D:13     | Reached skill level 12 in Unarmed Combat
  3770 | D:13     | 4thArraOfDagon: hi
  3770 | D:13     | 4thArraOfDagon: well no
  3770 | D:13     | 4thArraOfDagon: if i would care about going for high scores
  3770 | D:13     | 4thArraOfDagon: i would play 0.16 or 0.17
  3770 | D:13     | 4thArraOfDagon: here i play very casually
  3844 | D:13     | Killed an unseen horror
  3848 | D:13     | Noticed a tengu warrior
  3859 | D:13     | Killed a tengu warrior
  4140 | D:12     | Noticed a white ugly thing
  4147 | D:12     | Killed a white ugly thing
  4163 | D:12     | Gained mutation: You are surrounded by a mild repulsion field. (EV +2) [mutagenic meat]
  4166 | D:12     | Gained mutation: Your body sometimes deteriorates upon taking damage. [mutagenic meat]
  4169 | D:12     | Gained mutation: You are frail. (-10% HP) [mutagenic meat]
  4172 | D:12     | Gained mutation: Your flesh is cold resistant. (rC+) [mutagenic meat]
  4325 | D:13     | Noticed a shining eye
  4338 | D:13     | Killed a shining eye
  4341 | D:13     | Noticed a wolf spider
  4350 | D:13     | Killed a wolf spider
  4475 | D:12     | Noticed a flayed ghost
  4501 | D:12     | Reached skill level 13 in Unarmed Combat
  4512 | D:12     | Killed a flayed ghost
  4612 | D:12     | Gained mutation: You are clumsy. (Dex -2) [mutagenic meat]
  4633 | D:12     | Killed an unseen horror
  4633 | D:12     | Reached XP level 12. HP: 68/106 MP: 16/16
  4725 | D:13     | Gained mutation: Your spells are a little harder to cast, but a little more powerful. [mutagenic meat]
  4728 | D:13     | Lost mutation: Your spells are a little harder to cast, but a little more powerful. [mutagenic meat]
  4731 | D:13     | Gained mutation: You are surrounded by a moderate repulsion field. (EV +3) [mutagenic meat]
  4887 | D:15     | Entered Level 15 of the Dungeon
  5025 | D:15     | Gained mutation: Your magical capacity is low. (-10% MP) [mutagenic meat]
  5031 | D:15     | Gained mutation: You are weak. (Str -2) [mutagenic meat]
  5034 | D:15     | Lost mutation: You are frail. (-10% HP) [mutagenic meat]
  5068 | D:15     | Noticed an ogre mage
  5090 | D:15     | Noticed an eight-headed hydra
  5097 | D:15     | Was placed under penance by Cheibriados
  5101 | D:15     | Killed a 12-headed hydra
  5145 | D:14     | Was forgiven by Cheibriados
  5198 | D:14     | Noticed a death knight
  5206 | D:14     | Killed a death knight
  5345 | D:15     | Noticed an ogre mage
  5372 | D:15     | Killed an ogre mage
  5372 | D:15     | Reached skill level 14 in Unarmed Combat
  5397 | D:15     | Noticed a six-headed hydra
  5410 | D:15     | Killed an ogre mage
  5452 | D:15     | Noticed a centaur warrior
  5619 | D:13     | Found Molo's Blood Bar.
  5893 | D:11     | Killed a frost giant
  5893 | D:11     | Reached XP level 13. HP: 68/127 MP: 16/16
  6315 | D:8      | Killed 4thArraOfDagon's ghost
  6366 | D:9      | Reached skill level 1 in Shields
  6472 | D:7      | Bought a thick robe for 159 gold pieces
  6482 | D:7      | Identified the +1 robe of Tender Moments {rPois Str+4} (You bought it in a shop on level 7 of the Dungeon)
  6565 | D:7      | Found Boen's Antique Weapon Boutique.
  6821 | D:11     | Noticed Urug
  6858 | D:11     | Killed Urug
  6923 | D:11     | Killed 4thArraOfDagon's ghost
  7152 | D:12     | meh
  7154 | D:11     | 4thArraOfDagon: fail
  7262 | D:11     | Killed a fire giant
  7262 | D:11     | Reached skill level 15 in Unarmed Combat
  7896 | D:10     | Found a blossoming altar of Fedhas.
  7910 | D:10     | Reached ****** piety under Cheibriados
  8064 | D:9      | Found a staircase to the Orcish Mines.
  8067 | D:9      | FAIL
  8071 | Orc:1    | Entered Level 1 of the Orcish Mines
  8180 | Orc:2    | Entered Level 2 of the Orcish Mines
  8202 | Orc:2    | Found a labyrinth entrance.
  8214 | Lab      | Entered a labyrinth
  8292 | Lab      | fail
  8404 | Lab      | Noticed a minotaur
  8411 | Lab      | Killed a minotaur
  8422 | Lab      | Identified the Incunabulum of the Fifty Runes (You found it in a labyrinth)
  8426 | Lab      | Learned a level 3 spell: Regeneration
  8428 | Lab      | Identified the Tome of Flight (You found it in a labyrinth)
  8431 | Lab      | Identified the Disquisition on the Traveller (You found it in a labyrinth)
  8434 | Lab      | Learned a level 2 spell: Blink
  8434 | Lab      | fil
  8434 | Lab      | fail
  8464 | Orc:2    | Noticed a stone giant
  8468 | Orc:2    | Killed a stone giant
  8468 | Orc:2    | Reached skill level 5 in Shields
  8514 | Orc:1    | Noticed an ettin
  8520 | Orc:1    | Killed an ettin
  8552 | Orc:1    | Noticed Snorg
  8561 | Orc:1    | Killed Snorg
  8583 | Orc:1    | Noticed an orc warlord
  8596 | Orc:1    | Killed an orc warlord
  8596 | Orc:1    | Reached XP level 14. HP: 93/137 MP: 13/17
  8701 | Orc:1    | Found Feal's Armour Emporium.
  8805 | Orc:2    | Found Reaklyde's Quality Used Wands.
  8881 | Orc:2    | Found a staircase to the Elven Halls.
  9178 | Orc:2    | Found Mowkar's Jewellery Shoppe.
  9228 | Orc:2    | Found Vichigewn's Antique Weapon Boutique.
  9228 | Orc:2    | Found Kirph's Weapon Emporium.
  9263 | Orc:2    | Found Tudy's Assorted Antiques.
  9282 | Orc:2    | Bought a scroll labeled JORGHA YPLACLIX for 23 gold pieces
  9282 | Orc:2    | Bought a bubbling yellow potion for 20 gold pieces
  9282 | Orc:2    | Bought a bubbling red potion for 20 gold pieces
  9282 | Orc:2    | Bought a twisted jasper amulet for 115 gold pieces
  9282 | Orc:2    | Bought an onyx ring for 115 gold pieces
  9282 | Orc:2    | Bought a scroll of identify for 46 gold pieces
  9282 | Orc:2    | Bought a potion of brilliance for 92 gold pieces
  9282 | Orc:2    | Bought a potion of agility for 92 gold pieces
  9476 | Lair:1   | Entered Level 1 of the Lair of Beasts
  9599 | Lair:1   | Identified the Tome of the Birds (You found it on level 1 of the Lair of Beasts)
  9622 | Lair:1   | Noticed Gastronok
  9637 | Lair:1   | Killed Gastronok
  9638 | Lair:1   | Noticed Nergalle
  9645 | Lair:1   | Killed Nergalle
 10237 | Lair:6   | Entered Level 6 of the Lair of Beasts
 10271 | Lair:6   | Found a viscous altar of Jiyva.
 10271 | Lair:6   | Found a staircase to the Slime Pits.
 10303 | Slime:1  | Entered Level 1 of the Pits of Slime
 10308 | Slime:1  | Noticed an acid blob
 10309 | Slime:1  | Noticed an acid blob
 10315 | Lair:6   | HP: 4/137 [slime creature (7)]
 10316 | Lair:6   | eragonby: D:
 10316 | Lair:6   | 4thArraOfDagon: rotfl
 10316 | Lair:6   | 4thArraOfDagon: this is chain confuse
 10316 | Lair:6   | Demolished by a very large slime creature

Vault maps used:
D:1:      minmay_arrival_arboretum_small
D:2:      fiery_altar_vehumet, ecumenical_altar_2, first_bread,
          okawaru_metal_pillars_1_2, uniq_jessica
D:3:      nicolae_qazlal_general_emergency, corexii_hall_statues_s,
          johnstein_pakellas_death_squad
D:4:      uniq_natasha
D:5:      zin_statuary, old_standard_altar, basic_altar,
          kennysheep_generic_room_15
D:6:      corexii_checkpoint_a, nicolae_alphabet_shops
D:7:      slow_altar_2, serial_shops, nicolae_shop_waterfront, shop, shop
D:8:      lemuel_ratsnest, kennysheep_little_box
D:9:      gammafunk_temple_overflow_elements, orc_0_dummy, hangedman_fish_farm
D:10:     serial_bayou, serial_bayou_crossing, serial_bayou_lake_a,
          serial_bayou_pond_e, serial_bayou_pond_a, fedhas_altar_decomposition,
          uniq_sonja
D:11:     minmay_glassy_protrusions, david_lair_shrubbed, basic_altar,
          grunt_tough_drop, uniq_urug
D:12:     kennysheep_four_rooms
D:13:     david_vaults_4, guppyfry_shop_blood
D:15:     grunt_enter_depths_snipers, hangedman_decor_growths, serial_shops,
          nicolae_shop_trees
Lair:1:   uniq_gastronok, uniq_nergalle
Lair:2:   elwin_shoals_entry_rocks, grunt_forest_small_clearing_treed
Lair:3:   nicolae_quartered_pool_little
Lair:4:   spider_nest_entry_funnel_web, minivault_24, grunt_megastairs_1
Lair:5:   infiniplex_staircase_pool, lemuel_fruit_tree
Lair:6:   minmay_lair_end_frog_pond, dpeg_slime_entry_enclosed_altar
Orc:1:    serial_shops, nicolae_shop_trees, nicolae_orc_crystal_geode,
          uniq_snorg
Orc:2:    st_orc_open, lab_entry_generic, nicolae_for_you_no_charge
Lab:      nicolae_lab_dead_adventurers

Skill      XL: |  1  2  3  4  5  6  7  8  9 10 11 12 13 14 |
---------------+-------------------------------------------+-----
Unarmed Combat | 2 3 5 6 7 8 9 10 11 13 14 15 | 15.3
Fighting       | 1 2 3 4 5 7 8 |  8.3
Invocations    | 2 3 4 6 7 8 9 |  9.4
Dodging        | 2 3 4 5 6 8 |  8.1
Shields        | 6 8 |  8.9
Spellcasting   | 4 |  4.3
Throwing       | |  1.7
Hexes          | |  2.0

Action                   |  1- 3 |  4- 6 |  7- 9 | 10-12 | 13-15 || total
-------------------------+-------+-------+-------+-------+-------++-------
Melee: Unarmed           |    59 |    82 |   322 |   445 |   641 ||  1549
       Punch             |       |     1 |    12 |    46 |     6 ||    65
Throw: Large rock        |       |     3 |     3 |    36 |    20 ||    62
       Throwing net      |       |     2 |     1 |     5 |       ||     8
Invok: Temporal Distorti |       |       |       |     3 |     1 ||     4
       Slouch            |       |       |       |     6 |    13 ||    19
Evoke: Wand              |       |     3 |     9 |     3 |     4 ||    19
  Use: Scroll            |       |     8 |     6 |    13 |    12 ||    39
       Potion            |       |       |     1 |     4 |     5 ||    10
 Stab: Held in net/web   |       |       |     1 |     2 |       ||     3
       Sleeping          |       |       |       |     1 |     1 ||     2
       Distracted        |       |       |       |       |     1 ||     1
  Eat: Chunk             |       |     5 |    16 |    36 |    33 ||    90
       Bread ration      |       |     1 |       |       |       ||     1
       Fruit             |       |       |       |     2 |       ||     2
Armor: Robe              |    29 |    14 |    98 |    78 |    49 ||   268
       Skin              |       |       |       |     2 |     3 ||     5
Dodge: Dodged            |    29 |    48 |   252 |   283 |   223 ||   835
Block: Large shield      |       |       |       |       |   438 ||   438
